cohdb
Replays
Latest Replays
All Replays
Popular Replays
Top Player Replays
Match Explorer
How It Works
Community
CoH3 Stats
Reddit
Sign in to upload your games and track your stats! →
Sign in with Steam
Match 45435841
Unlisted
Match 45435841
Overview
Messages
Build Orders
End
Panzergrenadier Squad
Kradschützen Motorcycle Team
Panzergrenadier Squad
Construct Light Support Kompanie
Construct Light Support Kompanie
Panzerjäger Squad
Selects Italian Infantry
Selects Guastatori Squad
Guastatori Squad
Fire Support Elements
Construct Panzerarmee Kommand
Selects Defensive Operations
Panzerjäger Mechanized Group
Selects Registered Artillery
Selects Territory Booby Traps
Panzer III L Medium Tank
Vehicle Survival Package
Panzer III L Medium Tank
Selects Towed Cannone da 105/28 Field Howitzer
Towed Cannone da 105/28 Field Howitzer
Selects Obice 305mm Barrage
Selects Obice 305mm Barrage
Registered Artillery
periklee
All Day
0
0
Comments
sign in to comment!
No comments posted yet!